 Dungeon Crawl Stone Soup version 0.26.1-11-gd32895ea62 (webtiles) character file.

Game seed: 9842626280936315319

4420 H0rd4k the Martial Artist (level 10, -1/65 HPs)
             Began as an Octopode Transmuter on May 5, 2021.
             Was an Initiate of Gozag.
             Slain by a basilisk (9 damage)
             ... while petrified by a basilisk
             ... on level 11 of the Dungeon.
             The game lasted 00:19:51 (10911 turns).

H0rd4k the Martial Artist (Octopode Transmuter)    Turns: 10911, Time: 00:19:52

Health: -1/65      AC:  5    Str:  9    XL:     10   Next: 36%
Magic:  27/27      EV:  2    Int: 18    God:    Gozag
Gold:   1033       SH:  0    Dex: 14    Spells: 11/20 levels left

rFire    . . .     SeeInvis .     - Unarmed
rCold    . . .     Faith    .   (no shield)
rNeg     + + +     Spirit   .   (helmet restricted)
rPois    ∞         Reflect  .   m - amulet of regeneration
rElec    .         Harm     .   k - +4 ring of protection
rCorr    .         Rampage  .   o - +4 ring of evasion
Will     .....                  d - ring of magical power
Stlth    ++++......             (no ring)
HPRegen  0.60/turn              (no ring)
MPRegen  0.20/turn              (no ring)
                                (no ring)
                                (no ring)

@: petrified
A: almost no armour, stealthy swim, amphibious, 8 rings, constrict 8, camouflage
1, gelatinous body 1
a: Renounce Religion, Potion Petition, Call Merchant, Bribe Branch


You were on level 11 of the Dungeon.
You worshipped Gozag.
Gozag was most pleased with you.
You visited 2 branches of the dungeon, and saw 12 of its levels.
You also visited: Ossuary.

You collected 1151 gold pieces.
You paid 118 gold pieces to Gozag.

Inventory:

Missiles
 c - 8 atropa-tipped darts
 f - 11 poisoned darts (quivered)
Jewellery
 d - a ring of magical power (on tentacle)
 k - a +4 ring of protection (left tentacle)
 m - an amulet of regeneration (around mantle)
 n - an uncursed amulet of magic regeneration
 o - a +4 ring of evasion (right tentacle)
Wands
 e - a wand of polymorph (5)
 u - a wand of acid (4)
 y - a wand of random effects (19)
Scrolls
 b - a scroll of teleportation
 j - a scroll of noise {unknown}
 q - 2 scrolls of magic mapping
 r - a scroll of enchant weapon {unknown}
 t - 7 scrolls of remove curse
 w - a scroll of identify
 z - a scroll of enchant armour
Potions
 a - 5 potions of flight
 g - a potion of lignification
 h - 2 potions of might {unknown}
 i - 4 potions of brilliance
 l - 3 potions of attraction {unknown}
 p - 3 potions of haste
 s - 3 potions of curing
 v - a potion of experience {unknown}
 x - a potion of berserk rage {unknown}


   Skills:
 + Level 4.3 Fighting
 + Level 0.4 Throwing
 + Level 5.0 Dodging
 + Level 5.9 Stealth
 + Level 9.2 Unarmed Combat
 * Level 5.8 Spellcasting
 * Level 6.1 Transmutations
 - Level 3.7 Poison Magic
 + Level 1.0 Evocations


You had 11 spell levels left.
You knew the following spells:

 Your Spells              Type           Power        Failure   Level
a - Beastly Appendage     Tmut           54%          1%          1
b - Spider Form           Tmut/Pois      11%          4%          3
c - Blade Hands           Tmut           13%          26%         5

Your spell library contained the following spells:

 Spells                   Type           Power        Failure   Level
 Wereblood                Tmut           27%          1%          2
 Ice Form                 Ice/Tmut       16%          34%         4
 Bolt of Magma            Conj/Fire/Erth 2%           98%         5
 Iskenderun's Battlesphe  Conj           5%           98%         5
 Iron Shot                Conj/Erth      2%           100%        6
 Orb of Destruction       Conj           2%           100%        7
 Spellforged Servitor     Conj/Summ      2%           100%        7


Dungeon Overview and Level Annotations

Branches:
Dungeon (11/15)            Temple (1/1) D:5            Lair (0/6) D:11
Ossuary (visited)
    Orc: D:9-12

Altars:
Ashenzari
Cheibriados
Dithmenos
Elyvilon
Gozag
Hepliaklqana
Kikubaaqudgha
Makhleb
Okawaru
Qazlal
Ru
Sif Muna
Uskayaw
Vehumet
Wu Jian
Xom
Yredelemnul
Zin
The Shining One

Annotations:
D:1 exclusion: downstairs
D:3 Grinder
D:4 exclusion: upstairs
D:5 1 runed translucent door, Edmund
D:6 exclusion: 2 downstairs
D:7 Harold
D:9 Erica
D:11 exclusion: upstairs, Psyche


Innate Abilities, Weirdness & Mutations

You cannot wear most types of armour.
You are very stealthy in the water. (Stealth+)
You are amphibious.
You can wear up to eight rings at the same time.
You can use your tentacles to constrict eight enemies at once.
Your skin changes colour to match your surroundings (Stealth+).
Your rubbery body absorbs attacks. (AC +1, EV +1)


Message History

Your limbs have turned to stone.
You have turned to stone.
The yak gores you. The basilisk gazes at you. The yak gores you!
The basilisk bites you. The yak gores you. The basilisk gazes at you.
You resist with some effort.
Your transformation has ended.
The yak gores you.
The basilisk hisses menacingly.
The basilisk bites you. The yak gores you.
* * * LOW HITPOINT WARNING * * *
The basilisk bites you!
* * * LOW HITPOINT WARNING * * *
The yak gores you!
* * * LOW HITPOINT WARNING * * *
The basilisk bites you!!
You die...
Your body crumbles into a pile of gold.

@......................#
.......................#
##########.............#
#.##########..# #.# #..#
#.# #..# #.# #..#
##########)# #..#
.........@.########
........lY.........
#########..........
#...####### #...# #...#
#...# ....# ....##


You could see a yak and a basilisk (very poisoned).

Vanquished Creatures
  Maurice (D:9)
  2 trolls
  A water moccasin (D:8)
  2 orc warriors (D:10)
  An ice beast (D:9)
  A sky beast (D:9)
  3 black bears
  2 tengu
  2 ogres
  4 centaurs
  2 big kobolds
  3 bullfrogs
  2 elf zombies (Ossuary)
  A wyvern zombie (D:9)
  A gnoll sergeant (D:6)
  A water moccasin zombie (D:8)
  2 scorpions (D:8)
  A wyvern skeleton (D:9)
  3 killer bees
  2 howler monkeys (D:8)
  A bullfrog zombie (D:5)
  6 hounds
  A jelly (D:5)
  2 orc priests
  2 human zombies (Ossuary)
  4 orc wizards
  4 iguanas
  Ijyb (D:3)
  Natasha (thrice) (D:3)
  4 worker ants
  A killer bee zombie (D:10)
  4 mummies (Ossuary)
  2 hound skeletons
  Robin (D:2)
  A howler monkey zombie (D:9)
  16 gnolls
  9 adders
  A shadow imp (D:6)
  2 white imps
  An ufetubus (D:8)
  An adder zombie (D:8)
  4 worms
  2 dart slugs
  3 leopard geckos
  19 orcs
  6 bats
  2 giant cockroaches
  19 goblins
  13 hobgoblins
  15 jackals
  4 quokkas
  A ball python zombie (D:6)
  2 frilled lizards
  2 goblin zombies (Ossuary)
  4 hobgoblin zombies (Ossuary)
  A jackal skeleton (D:4)
  2 jackal zombies
  17 kobolds
  A leopard gecko skeleton (D:4)
  2 orc zombies (Ossuary)
  5 rats
228 creatures vanquished.

Vanquished Creatures (others)
  An orc (D:5)
1 creature vanquished.

Grand Total: 229 creatures vanquished

Notes
Turn   | Place    | Note
-------+----------+-------------------------------------------
     0 | D:1      | H0rd4k the Octopode Transmuter began the quest for the Orb.
     0 | D:1      | Reached XP level 1. HP: 13/13 MP: 3/3
   285 | D:1      | Reached XP level 2. HP: 18/18 MP: 5/5
   687 | D:1      | Reached XP level 3. HP: 23/23 MP: 6/6
  1375 | D:1      | Learned a level 3 spell: Spider Form
  1416 | D:2      | Noticed Robin
  1802 | D:2      | Reached XP level 4. HP: 19/28 MP: 7/7
  2220 | D:1      | Reached skill level 1 in Stealth
  2340 | D:2      | Killed Robin
  3166 | D:3      | Reached XP level 5. HP: 22/33 MP: 9/9
  3186 | D:3      | Learned a level 5 spell: Blade Hands
  3290 | D:3      | Noticed Ijyb
  3308 | D:3      | Killed Ijyb
  3309 | D:3      | Reached skill level 4 in Unarmed Combat
  3677 | D:3      | Noticed Natasha
  3707 | D:3      | Killed Natasha
  3708 | D:3      | Reached skill level 1 in Poison Magic
  3809 | D:3      | Noticed Natasha
  3820 | D:3      | Killed Natasha
  4107 | D:3      | Noticed Natasha
  4118 | D:3      | Killed Natasha
  4119 | D:3      | Reached XP level 6. HP: 22/39 MP: 10/10
  4545 | D:3      | Noticed Grinder
  4855 | D:3      | Paralysed by Grinder for 7 turns
  5133 | D:4      | Found a sand-covered staircase.
  5141 | Ossuary  | Entered an ossuary
  5384 | Ossuary  | Reached XP level 7. HP: 35/45 MP: 11/11
  5744 | D:4      | Reached skill level 5 in Unarmed Combat
  6111 | D:5      | Entered Level 5 of the Dungeon
  6263 | D:5      | Reached XP level 8. HP: 46/50 MP: 13/13
  6326 | D:5      | Found an opulent altar of Gozag.
  6362 | D:5      | Found a burning altar of Makhleb.
  6363 | D:5      | Found a radiant altar of Vehumet.
  6367 | D:5      | Found a glowing silver altar of Zin.
  6424 | D:5      | Noticed Edmund
  6561 | D:5      | Found a runed translucent door.
  6589 | D:5      | HP: 1/50 [centaur (3)]
  6852 | D:5      | Found a staircase to the Ecumenical Temple.
  6859 | Temple   | Entered the Ecumenical Temple
  7070 | D:6      | Reached skill level 6 in Unarmed Combat
  7153 | D:5      | Became a worshipper of Gozag Ym Sagoz the Greedy
  7415 | D:6      | Found a hide-covered altar of Uskayaw.
  7785 | D:7      | Noticed Harold
  8031 | D:6      | Found a hazy altar of Hepliaklqana.
  8402 | D:6      | Reached XP level 9. HP: 51/57 MP: 15/15
  8706 | D:8      | Reached skill level 7 in Unarmed Combat
  8868 | D:8      | Noticed a two-headed ogre
  8870 | D:8      | a two-headed ogre changed into a tengu
  8897 | D:8      | Reached skill level 5 in Spellcasting
  8909 | D:8      | Reached skill level 5 in Transmutations
  9473 | D:9      | Reached skill level 5 in Stealth
  9473 | D:9      | Reached skill level 8 in Unarmed Combat
  9769 | D:9      | Noticed Maurice
  9777 | D:9      | Killed Maurice
  9778 | D:9      | Reached XP level 10. HP: 64/64 MP: 18/18
  9872 | D:9      | You fall into a shaft and drop 1 floor!
  9872 | D:10     | Entered Level 10 of the Dungeon
 10207 | D:9      | Reached skill level 9 in Unarmed Combat
 10329 | D:9      | Found a white marble altar of Elyvilon.
 10365 | D:9      | Reached skill level 1 in Evocations
 10380 | D:9      | Noticed Erica
 10828 | D:11     | Noticed Psyche
 10848 | D:11     | Reached skill level 5 in Dodging
 10874 | D:11     | Found a staircase to the Lair.
 10911 | D:11     | Slain by a basilisk

Illustrated notes

Levels and vault maps discovered:
D:1:      nzn_arrival_settlement, layout_basic
D:2:      layout_rooms, serial_rivers, chequers_serial_rivers_micro_e,
          chequers_serial_rivers_room_a, chequers_serial_rivers_room_b,
          chequers_serial_rivers_marsh, chequers_garden,
          chequers_serial_rivers_micro_a, uniq_robin
D:3:      layout_basic, uniq_natasha, uniq_grinder, uniq_ijyb
D:4:      corexii_shack_village, layout_loops_cross, chequers_ossuary_entry_cave
D:5:      cheibrodos_two_vegetables, layout_gridville,
          nicolae_overflow_hidden_temple, minitemple,
          minmay_temple_entry_enclosed_plants, uniq_edmund,
          uniq_crazy_yiuf_cottage
D:6:      layout_basic, lemuel_coloured_pillars_altar, lemuel_altar_in_water
D:7:      layout_gridville, fedhas_altar_4, uniq_harold, uniq_prince_ribbit1
D:8:      layout_rooms, due_unseen_surprise
D:9:      layout_cave_pods, kennysheep_little_box,
          nemelex_xobeh_ov_fountains_minmay, marbit_many_paths, uniq_erica,
          uniq_grum, uniq_maurice
D:10:     layout_layer_cave, erik_orc_1
D:11:     layout_long_grid, david_lair_generic, uniq_psyche
Temple:   nicolae_temple_god_jail

Skill      XL: |  1  2  3  4  5  6  7  8  9 10 |
---------------+-------------------------------+-----
Stealth        | 1 2 3 4 5 |  5.9
Transmutations | 3 4 5 6 |  6.1
Unarmed Combat | 4 5 6 8 9 |  9.2
Poison Magic   | 2 3 |  3.7
Fighting       | 2 3 4 |  4.3
Spellcasting   | 3 4 5 |  5.8
Dodging        | 3 4 5 |  5.0
Evocations     | 1 |  1.0
Throwing       | |  0.4

Action                   |  1- 3 |  4- 6 |  7- 9 | 10-12 || total
-------------------------+-------+-------+-------+-------++-------
Melee: Unarmed           |    61 |   221 |   368 |    96 ||   746
       Constrict         |    18 |    47 |    53 |     7 ||   125
       Tentacles         |    12 |    33 |    53 |     8 ||   106
       Punch             |     2 |     7 |    14 |     3 ||    26
Throw: Dart              |    10 |     3 |       |       ||    13
 Cast: Spider Form       |       |     3 |    20 |     6 ||    29
Evoke: Wand              |       |       |     7 |     2 ||     9
  Use: Scroll            |       |     7 |     9 |       ||    16
       Potion            |       |     3 |     4 |     1 ||     8
 Stab: Sleeping          |     4 |     7 |    15 |     3 ||    29
       Invisible         |       |       |     1 |       ||     1
       Distracted        |       |       |     1 |     1 ||     2
Armor: Skin              |     2 |    44 |    42 |    12 ||   100
Dodge: Dodged            |    39 |   130 |   413 |    81 ||   663
